 Dungeon Crawl Stone Soup version 0.25-a0-632-g7713895373 (webtiles) character file.

Game seed: 1934395856054066922, levelgen mode: deterministic

621 An17 the Skirmisher (level 7, -4/58 HPs)
             Began as a Demonspawn Wanderer on Mar 19, 2020.
             Slain by an orc
             ... wielding a +0 trident
              (5 damage)
             ... on level 5 of the Dungeon.
             The game lasted 00:10:15 (3237 turns).

An17 the Skirmisher (Demonspawn Wanderer)           Turns: 3237, Time: 00:10:16

Health: -4/58      AC: 14    Str: 12    XL:     7   Next: 22%
Magic:  7/7        EV:  9    Int: 15    God:
Gold:   264        SH:  0    Dex: 13    Spells: 6/6 levels left

rFire    + . .     SeeInvis .   n - +0 quarterstaff
rCold    . . .     Gourm    .   (shield currently unavailable)
rNeg     + . .     Faith    .   d - +2 scale mail
rPois    .         Spirit   .   (no helmet)
rElec    .         Reflect  .   s - +0 cloak
rCorr    .         Harm     .   j - +1 pair of gloves
MR       .....                  (no boots)
Stlth    ..........             (no amulet)
HPRegen  0.19/turn              h - ring of positive energy
MPRegen  0.10/turn              (no ring)

@: no status effects
A: slimy green scales 1, fire resistance 1, spiny 1, flame cloud immunity
a: no special abilities


You were on level 5 of the Dungeon.
You were not hungry.

You visited 1 branch of the dungeon, and saw 5 of its levels.

You collected 264 gold pieces.

Inventory:

Hand Weapons
 n - a +0 quarterstaff (weapon)
 p - a +0 halberd
Missiles
 f - a throwing net (quivered)
Armour
 d - a +2 scale mail (worn)
 j - a +1 pair of gloves (worn)
 s - a +0 cloak (worn)
Jewellery
 h - a ring of positive energy (left hand)
Scrolls
 c - 8 scrolls of teleportation
 m - 2 scrolls of fog
 q - 2 scrolls of remove curse
Potions
 a - 2 potions of lignification
 b - a potion of curing
 e - 2 potions of heal wounds
 g - a potion of cancellation
 i - a potion of invisibility {unknown}
 k - a potion of flight {unknown}
 o - a potion of magic {unknown}
 r - a potion of mutation {unknown}
Comestibles
 l - 4 rations


   Skills:
 + Level 6.0 Fighting
 + Level 3.7 Staves
 + Level 1.0 Throwing
 + Level 4.6 Armour
 + Level 1.7 Dodging
 - Level 1.0 Stealth
   Level 1.0 Shields


You had 6 spell levels left.
You didn't know any spells.
Your spell library was empty.

Dungeon Overview and Level Annotations

Branches:
Dungeon (5/15)
 Temple: D:4-7

Altars:
Ashenzari
Cheibriados
Dithmenos
Vehumet
Wu Jian
Xom
The Shining One


Innate Abilities, Weirdness & Mutations

You are partially covered in slimy green scales. (AC +2)
Your flesh is heat resistant. (rF+)
You are partially covered in sharp spines.
You are immune to clouds of flame.


Message History

The orc hits you but does no damage. The orc priest closely misses you.
You barely miss the orc priest.
The orc priest is severely wounded.
The orc hits you but does no damage.
The orc priest invokes the aid of Beogh against you.
Pain shoots through your body!
You hit the orc priest.
The orc priest is almost dead.
The orc priest calls down the wrath of Beogh upon you.
Beogh smites you!
* * * LOW HITPOINT WARNING * * *
The orc hits you from afar with a +0 trident.
* * * LOW HITPOINT WARNING * * *
You hit the orc priest.
The orc priest is almost dead.
The orc priest calls down the wrath of Beogh upon you.
Beogh smites you!
* * * LOW HITPOINT WARNING * * *
The orc hits you from afar with a +0 trident.
You die...

. .. .# ..# . #. #.# #..
.. #.# ###..# #.# ... #.#
#[..# #.# .... #.###.###
#.###..... #.##..#
#.o.......
#....#######o).......
#####.........†)@####....
.).....########### >
##...[### #.#....#
#...##..... #...## #####
....# ....# ....#


You could see an orc priest and an orc.

Vanquished Creatures
  Menkaure (D:4)
  A sky beast (D:5)
  2 hounds
  An orc wizard (D:5)
  Jessica (D:3)
  2 worker ants (D:5)
  Terence (D:2)
  3 gnolls (D:4)
  4 adders
  2 oozes
  6 dart slugs
  4 leopard geckos
  17 orcs
  6 giant cockroaches
  8 goblins
  7 hobgoblins
  12 jackals
  7 kobolds
  8 quokkas
  A ball python (D:4)
  5 bats
  5 frilled lizards
  A leopard gecko skeleton (D:4)
  12 rats
117 creatures vanquished.

Notes
Turn   | Place    | Note
-------+----------+-------------------------------------------
     0 | D:1      | An17 the Demonspawn Wanderer began the quest for the Orb.
     0 | D:1      | An17 set off with the following items: a +0 dagger, a
                  | potion of curing, a scroll of teleportation, a +2 scale
                  | mail, a ration
     0 | D:1      | Reached XP level 1. HP: 19/19 MP: 1/1
   172 | D:1      | Gained mutation: You are partially covered in sharp spines.
                  | [demonic ancestry]
   172 | D:1      | Reached XP level 2. HP: 16/25 MP: 2/2
   930 | D:2      | Noticed Terence
   946 | D:2      | Gained mutation: You are partially covered in slimy green
                  | scales. (AC +2) [demonic ancestry]
   946 | D:2      | Reached XP level 3. HP: 29/31 MP: 3/3
   962 | D:2      | Killed Terence
  1051 | D:2      | Reached XP level 4. HP: 27/38 MP: 4/4
  1150 | D:2      | Reached skill level 5 in Fighting
  1355 | D:2      | Found a glowing golden altar of the Shining One.
  1570 | D:3      | Noticed Jessica
  1575 | D:3      | Killed Jessica
  1804 | D:3      | Reached skill level 1 in Dodging
  1878 | D:3      | Gained mutation: Your flesh is heat resistant. (rF+)
                  | [demonic ancestry]
  1878 | D:3      | Reached XP level 5. HP: 40/44 MP: 5/5
  2328 | D:3      | Found a radiant altar of Vehumet.
  2493 | D:4      | Reached skill level 1 in Staves
  2542 | D:4      | Found a shadowy altar of Dithmenos.
  2542 | D:4      | Noticed Menkaure
  2556 | D:4      | Killed Menkaure
  2556 | D:4      | Gained mutation: You are immune to clouds of flame.
                  | [demonic ancestry]
  2556 | D:4      | Reached XP level 6. HP: 17/52 MP: 6/6
  2611 | D:4      | Found a shattered altar of Ashenzari.
  2812 | D:4      | Found a snail-covered altar of Cheibriados.
  3025 | D:4      | Found an ornate altar of the Wu Jian Council.
  3025 | D:4      | Found a shimmering altar of Xom.
  3120 | D:5      | Entered Level 5 of the Dungeon
  3212 | D:5      | Noticed a sky beast
  3217 | D:5      | Reached XP level 7. HP: 44/57 MP: 7/7
  3229 | D:5      | Reached skill level 6 in Fighting
  3237 | D:5      | HP: 1/58 [orc priest/divine providence (10)]
  3237 | D:5      | Slain by an orc

Levels and vault maps discovered:
D:1:      psy_arrival_dodecagon, layout_basic
D:2:      layout_rooms, tso_oasis_becter, supply_closet_lemuel, uniq_terence
D:3:      layout_basic, marbit_many_paths, uniq_jessica
D:4:      layout_loops_cross, gammafunk_temple_overflow_forgotten,
          kennysheep_little_box, nicolae_dithmenos_the_darkroom, uniq_menkaure
D:5:      layout_rooms, first_ration

Skill      XL: |  1  2  3  4  5  6  7 |
---------------+----------------------+-----
Armour         | 3 4 |  4.6
Fighting       | 5 6 |  6.0
Dodging        | 1 |  1.7
Staves         | 2 3 |  3.7
Throwing       | |  1.0
Stealth        | |  1.0
Shields        | |  1.0

Action                   |  1- 3 |  4- 6 |  7- 9 || total
-------------------------+-------+-------+-------++-------
Melee: Dagger            |    71 |       |       ||    71
       Mace              |    34 |    26 |       ||    60
       Quarterstaff      |       |   126 |    17 ||   143
  Use: Scroll            |     3 |     5 |       ||     8
  Eat: Ration            |       |     2 |       ||     2
       Chunk             |       |     1 |       ||     1
Armor: Scale mail        |    53 |    87 |    14 ||   154
Dodge: Dodged            |    48 |    61 |    11 ||   120

Table legend:
 A = Non-vault XP
 B = Vault XP
 C = Vault XP percentage of total XP
 D = Non-vault monster count
 E = Vault monster count
 F = Vault count percentage of total count
                 A         B        C        D         E       F
            +---------+---------+-------+---------+---------+-------
      Total |     641 |     247 |  27.8 |     113 |       4 |   3.4
            +---------+---------+-------+---------+---------+-------
        D:1 |      36 |       0 |   0.0 |      14 |       0 |   0.0
        D:2 |      52 |      36 |  40.9 |      29 |       1 |   3.3
        D:3 |      96 |      39 |  28.9 |      31 |       2 |   6.1
        D:4 |     122 |     172 |  58.5 |      14 |       1 |   6.7
        D:5 |     335 |       0 |   0.0 |      25 |       0 |   0.0
            +---------+---------+-------+---------+---------+-------
